 Dungeon Crawl Stone Soup version 0.30-b1-2-g02819fbbbe (webtiles) character file.

Game seed: 7150881244805615451

10988 protoss039 the Covert (level 11, -3/69 HPs)
             Began as a Vampire Enchanter on July 4, 2023.
             Was an Elder of Dithmenos.
             Killed from afar by a gargoyle (13 damage)
             ... with a stone arrow
             ... in a Gauntlet.
             The game lasted 00:39:01 (11296 turns).

protoss039 the Covert (Vampire Enchanter)          Turns: 11296, Time: 00:39:03

Health: -3/69      AC:  9    Str: 13    XL:     11   Next: 43%
Magic:  20/20      EV: 21    Int: 18    God:    Dithmenos [****..]
Gold:   622        SH:  0    Dex: 19    Spells: 11/22 levels left

rFire   . . .        t - +1 dagger (venom)
rCold   + + .        (no shield)
rNeg    + + +        C - +2 leather armour {Will+}
rPois   ∞            (no helmet)
rElec   .            (no cloak)
rCorr   .            i - +2 pair of gloves
SInv    +            o - +0 pair of boots
Will    ++...        (no amulet)
Stlth   ++++++++++   u - +5 ring of evasion
HPRegen 0.00/turn    v - +6 ring of strength
MPRegen 0.17/turn

%: no teleportation
@: bloodless, inhibited regen, wreathed by umbra, invisible
A: bloodless, fangs 3, see invisible, vampiric 2
a: Bat Form, Revivify, Renounce Religion, Shadow Step


You were in a Gauntlet.
You worshipped Dithmenos.
Dithmenos was greatly pleased with you.
You visited 2 branches of the dungeon, and saw 12 of its levels.
You also visited: Sewer and Gauntlet.

You collected 622 gold pieces.

Inventory:

Hand Weapons
 t - a +1 dagger of venom (weapon)
 K - a +2 scimitar of flaming
Armour
 i - a +2 pair of gloves (worn)
 o - a +0 pair of boots (worn)
 C - a +2 leather armour of willpower (worn)
Jewellery
 l - a ring of magical power
 u - a +5 ring of evasion (left hand)
 v - a +6 ring of strength (right hand)
 y - a +5 ring of evasion
 J - a ring of resist corrosion
Wands
 w - a wand of flame (24)
 D - a wand of polymorph (11)
 I - a wand of roots (2)
 N - a wand of paralysis (1)
Scrolls
 a - 6 scrolls of teleportation
 b - 4 scrolls of immolation
 e - a scroll of identify
 j - 2 scrolls of butterflies
 m - 3 scrolls of magic mapping
 n - a scroll of silence
 p - 3 scrolls of fear
 s - 5 scrolls of fog
 x - a scroll of poison {unknown}
 E - a scroll of acquirement {unknown}
 F - a scroll of noise {unknown}
 G - a scroll of amnesia {unknown}
 H - a scroll of brand weapon {unknown}
 M - a scroll of enchant weapon {unknown}
 O - a scroll of enchant armour {unknown}
Potions
 d - 7 potions of mutation
 f - 7 potions of curing
 g - a potion of heal wounds
 h - 4 potions of attraction
 k - 4 potions of flight
 q - 2 potions of brilliance
 r - 2 potions of lignification
 z - a potion of resistance {unknown}
 A - a potion of might {unknown}
 B - a potion of berserk rage {unknown}
 L - a potion of cancellation {unknown}


   Skills:
 * Level 8.4 Fighting
 - Level 3.0 Short Blades
 - Level 3.0 Armour
 + Level 7.4 Dodging
 + Level 10.9 Stealth
 + Level 6.1 Spellcasting
 - Level 3.0 Conjurations
 - Level 6.0 Hexes
 - Level 3.0 Ice Magic
 * Level 7.4 Invocations


You had 11 spell levels left.
You knew the following spells:

 Your Spells              Type           Power      Damage    Failure   Level
a - Ensorcelled Hibernat  Hex/Ice        42%        N/A       3%          2
b - Confusing Touch       Hex            27%        N/A       3%          3
c - Tukima's Dance        Hex            27%        N/A       3%          3
d - Dazzling Flash        Conj/Hex       42%        N/A       7%          3

Your spell library contained the following spells:

 Spells                   Type           Power      Damage    Failure   Level
 Slow                     Hex            100%       N/A       1%          1
 Magic Dart               Conj           64%        1d6       4%          1
 Searing Ray              Conj           32%        2d5       7%          2
 Momentum Strike          Conj/Tloc      20%        3d8       12%         2
 Sting                    Tmut/Pois      20%        1d4       16%         1
 Blink                    Tloc           10%        N/A       22%         2
 Lesser Beckoning         Tloc           10%        N/A       22%         2
 Poisonous Vapours        Pois/Air       10%        N/A       22%         2
 Fulminant Prism          Conj/Hex       10%        3d8       24%         4
 Vampiric Draining        Necr           5%         2d6       41%         3
 Vhi's Electric Charge    Tloc/Air       10%        N/A       41%         3
 Summon Ice Beast         Ice/Summ       10%        N/A       63%         4
 Summon Mana Viper        Hex/Summ       16%        N/A       77%         5
 Animate Armour           Summ/Erth      10%        N/A       83%         4
 Olgreb's Toxic Radiance  Pois           5%         N/A       83%         4
 Arcjolt                  Conj/Air       5%         1d15      92%         5
 Blade Hands              Tmut           2%         N/A       99%         5
 Summon Forest            Summ/Tloc      2%         N/A       99%         5
 Eringya's Noxious Bog    Tmut/Pois      2%         N/A       100%        6
 Iron Shot                Conj/Erth      5%         9d2       100%        6
 Plasma Beam              Fire/Air       2%         2x1d14    100%        6
 Monstrous Menagerie      Summ           2%         N/A       100%        7
 Summon Hydra             Summ           2%         N/A       100%        7


Dungeon Overview and Level Annotations

Branches:
Dungeon (11/15) Zot: 26841  Temple (1/1) D:5 Zot: 5767    Lair (0/5) D:10
    Orc (0/2) D:10          Sewer (visited)         Gauntlet (1/1) Zot: 5638

Altars:
Ashenzari
Cheibriados
Dithmenos
Fedhas
Gozag
Hepliaklqana
Kikubaaqudgha
Makhleb
Nemelex Xobeh
Okawaru
Qazlal
Ru
Sif Muna
Trog
Uskayaw
Vehumet
Wu Jian
Xom
Yredelemnul

Annotations:
D:6 1 runed translucent door, enotiy's ghost, novice GrFi Gauntlet 11 transporters, exclusion: 2 lightning spires


Innate Abilities, Weirdness & Mutations

You do not regenerate when monsters are visible.
You are frail without blood (-20% HP).
You can heal yourself when you bite living creatures.
You are immune to poison.
You have razor-sharp teeth.
You have supernaturally acute eyesight. (SInv)
You are afflicted with vampirism and can become a bat while bloodless.


Message History

Okay, then.
The catoblepas breathes a plume of calcifying dust at you.
The blast of calcifying dust hits the molten gargoyle but does no damage.
The blast of calcifying dust hits you but does no damage.
Unknown command.
The molten gargoyle blasts magma at you!
The bolt of magma hits you!!
Unknown command.
You can't see any enemies this would affect, really read the scroll of fear?
Okay, then.
The shadow imp grinds its teeth.
The gargoyle hurls a stone arrow at you.
The stone arrow misses you. The molten gargoyle misses you.
The molten gargoyle blasts magma at you!
The bolt of magma misses you.
Unknown command.
Okay, then.
Okay, then.
You fade into invisibility!
The molten gargoyle closely misses you.
The gargoyle hurls a stone arrow at you.
The stone arrow misses you.
Unknown command.
Unknown command.
You hit the molten gargoyle but do no damage.
The gargoyle hurls a stone arrow at you.
The stone arrow hits you!
* * * LOW HITPOINT WARNING * * *
Unknown command.
Unknown command.
You feel much better.
Unknown command.
You hit the molten gargoyle but do no damage.
The molten gargoyle completely misses you.
The catoblepas gores you!!
* * * LOW HITPOINT WARNING * * *
You emit a cloud of dark smoke.
The gargoyle hurls a stone arrow at you.
The stone arrow hits you!
You die...

#≈..##..#..##..#..≈# #§..#..#...#
##.©#.##©##©#©.#..## ##..#.©#.##.
#≈..##..#..##..#..≈###≈..#..###.#
##..#.##.##5#..#..##≈##..#..##..#
#§..#.....53#..#.........#..#..h©
##..#########..#.........#..#####
§...........#..###########..#....
#...#########..#§Y9..9...#..#####
≈.∩.#.......#..#@##§.^##.#..#....
#...#.†####.#..#99##Y##.=#..#....
≈...#.#...#†#..#.§.#.#..(#..#...#
#.8©#.#.©.#©#©©#....©#..©#©©#..#©
≈...#.#...#.#..#...#.#...#..#.###
#...#.####..#..#..##.##.?#..#..#.
≈.∩.#.......#..#.##^.^##.#..#....
#...#########..#....§....#..#####
≈...........#..###########..#....


You could see a catoblepas (wandering, unable to see you), a soul eater, 2
molten gargoyles, 2 gargoyles and 2 shadow imps.

Vanquished Creatures
  An ogre mage (D:9)
  Erica (D:9)
  A manticore (D:11)
  A cyclops (D:10)
  A torpor snail (Gauntlet)
  A komodo dragon (D:7)
  A troll (D:10)
  Sigmund (D:4)
  A wyvern (D:10)
  A basilisk (D:11)
  A wraith (D:7)
  12 yaks
  2 steam dragons
  A vampire mosquito (D:7)
  A warg (D:10)
  An acid dragon (D:10)
  4 water moccasins
  3 orc warriors
  2 ice beasts (D:7)
  4 black bears
  2 sky beasts
  6 centaurs
  2 phantoms
  2 kobold brigands
  5 bullfrogs
  Blork the orc (D:6)
  2 gnoll sergeants
  2 scorpions (D:7)
  5 wights
  10 killer bees
  2 electric eels (D:7)
  9 howler monkeys
  9 hounds
  2 gnoll boudas
  7 orc priests
  2 jellies (D:5)
  2 sleepcaps
  2 iguanas (D:5)
  5 orc wizards
  13 adders
  19 gnolls
  3 river rats (Sewer)
  4 white imps
  3 worms
  4 dart slugs
  43 orcs
  16 ball pythons
  12 endoplasms
  7 giant cockroaches
  2 hobgoblins
  4 jackals (D:3)
  3 quokkas
  4 bats
  4 frilled lizards
  12 goblins
  10 kobolds
  26 rats
307 creatures vanquished.

Vanquished Creatures (collateral kills)
  3 wights (D:7)
3 creatures vanquished.

Vanquished Creatures (others)
  4 dancing weapons
  A gnoll (D:7)
  39 plants
44 creatures vanquished.

Grand Total: 354 creatures vanquished

Notes
Turn   | Place    | Note
-------+----------+-------------------------------------------
     0 | D:1      | protoss039 the Vampire Enchanter began the quest for the
                  | Orb.
     0 | D:1      | Reached XP level 1. HP: 13/13 MP: 3/3
     0 | D:1      | Noticed a spriggan
     0 | D:1      | Noticed a vine stalker
     2 | D:1      | Noticed a vine stalker
     4 | D:1      | Noticed a tengu
     6 | D:1      | Noticed a vine stalker
     8 | D:1      | Noticed a felid
    11 | D:1      | Noticed a naga
    11 | D:1      | Noticed a demonspawn
    15 | D:1      | Noticed an elf
    15 | D:1      | Noticed a merfolk
    17 | D:1      | Noticed a vampire
    17 | D:1      | Noticed a formicid
    17 | D:1      | Noticed a felid
    19 | D:1      | Noticed a merfolk
    19 | D:1      | Noticed a spriggan
   193 | D:1      | Reached XP level 2. HP: 20/20 MP: 5/5
   208 | D:1      | Learned a level 2 spell: Ensorcelled Hibernation
   440 | D:1      | Reached skill level 1 in Fighting
   736 | D:2      | Gained mutation: You are afflicted with vampirism and can
                  | become a bat while bloodless. [Vampire growth]
   736 | D:2      | Reached XP level 3. HP: 26/26 MP: 0/6
  1150 | D:2      | Found an iron altar of Okawaru.
  1682 | D:2      | Learned a level 3 spell: Confusing Touch
  2006 | D:3      | Reached XP level 4. HP: 24/33 MP: 0/7
  2655 | D:4      | Noticed Sigmund
  2677 | D:4      | Killed Sigmund
  2678 | D:4      | Reached skill level 5 in Stealth
  2678 | D:4      | Reached skill level 5 in Hexes
  2678 | D:4      | Reached skill level 1 in Ice Magic
  2678 | D:4      | Reached XP level 5. HP: 25/39 MP: 2/8
  2810 | D:4      | Reached XP level 6. HP: 46/46 MP: 9/9
  2956 | D:4      | Found a burning altar of Makhleb.
  2957 | D:4      | Found a shimmering altar of Xom.
  3241 | D:4      | Learned a level 3 spell: Tukima's Dance
  3242 | D:5      | Entered Level 5 of the Dungeon
  3325 | D:5      | Found a staircase to the Ecumenical Temple.
  3334 | Temple   | Entered the Ecumenical Temple
  3532 | Temple   | Became a worshipper of Dithmenos the Shadowed
  3708 | D:5      | Reached XP level 7. HP: 41/41 MP: 11/11
  3723 | D:5      | Reached skill level 6 in Stealth
  3806 | D:5      | Found a glowing drain.
  3864 | Sewer    | Entered a sewer
  4064 | Sewer    | Reached * piety under Dithmenos
  4403 | Sewer    | Reached skill level 1 in Invocations
  4407 | Sewer    | Reached ** piety under Dithmenos
  4795 | D:5      | Reached XP level 8. HP: 47/48 MP: 4/13
  5393 | D:5      | Learned a level 3 spell: Dazzling Flash
  5407 | D:6      | Reached skill level 7 in Stealth
  5574 | D:6      | Noticed Blork the orc
  5581 | D:6      | Killed Blork the orc
  5625 | D:6      | Reached skill level 1 in Armour
  5777 | D:6      | Reached skill level 1 in Conjurations
  5780 | D:6      | Reached skill level 5 in Fighting
  5925 | D:6      | Found a runed translucent door.
  5925 | D:6      | Noticed enotiy's ghost (novice GrFi)
  6274 | D:7      | Reached *** piety under Dithmenos
  6277 | D:7      | Reached skill level 5 in Dodging
  6277 | D:7      | Reached XP level 9. HP: 54/54 MP: 7/15
  6548 | D:7      | Reached skill level 8 in Stealth
  6954 | D:7      | Noticed a komodo dragon
  6973 | D:7      | Killed a komodo dragon
  7107 | D:7      | Reached XP level 10. HP: 61/61 MP: 4/17
  7346 | D:7      | Reached **** piety under Dithmenos
  7395 | D:7      | Reached skill level 9 in Stealth
  7395 | D:7      | Reached skill level 5 in Invocations
  8157 | D:8      | Reached skill level 5 in Spellcasting
  9164 | D:9      | Noticed Erica
  9170 | D:9      | Killed Erica
  9483 | D:9      | Noticed an ogre mage
  9490 | D:9      | Killed an ogre mage
  9491 | D:9      | Reached skill level 10 in Stealth
  9931 | D:9      | Reached XP level 11. HP: 57/68 MP: 14/19
 10212 | D:10     | Entered Level 10 of the Dungeon
 10283 | D:10     | Found a staircase to the Orcish Mines.
 10309 | D:10     | Reached ***** piety under Dithmenos
 10690 | D:10     | Found a staircase to the Lair.
 10928 | D:11     | Found a gate leading to a gauntlet.
 10939 | Gauntlet | Entered a Gauntlet
 10939 | Gauntlet | Found a transporter.
 10939 | Gauntlet | Found a transporter.
 10945 | Gauntlet | Found a transporter.
 10946 | Gauntlet | Noticed a soul eater
 10957 | Gauntlet | Found a transporter.
 10975 | Gauntlet | Found a transporter.
 10975 | Gauntlet | Found a transporter.
 10977 | Gauntlet | Found a transporter.
 10977 | Gauntlet | Found a transporter.
 10979 | Gauntlet | Found a transporter.
 10980 | Gauntlet | Noticed a catoblepas
 10990 | Gauntlet | Found a transporter.
 10991 | Gauntlet | Found the +9 staff of Olgreb {rPois∞}
 11005 | Gauntlet | Found a transporter.
 11015 | Gauntlet | Found a transporter.
 11016 | Gauntlet | Noticed a quicksilver ooze
 11017 | Gauntlet | Noticed an entropy weaver
 11033 | Gauntlet | Found a transporter.
 11050 | Gauntlet | Found a transporter.
 11296 | Gauntlet | Killed from afar by a gargoyle

Illustrated notes

Levels and vault maps discovered:
D:1:      shiori_arrival_whats_in_store_for_you, layout_basic,
          dreamdust_princess_corridor, grunt_decor_cap
D:2:      layout_basic, basic_altar, minmay_distorted
D:3:      layout_rooms
D:4:      layout_cave_pools, gammafunk_temple_overflow_forgotten, uniq_sigmund
D:5:      minmay_evil_eye, layout_basic, minmay_temple_entry_gardened_gates,
          gup_sewer_entry_glass, chequers_big_river
D:6:      layout_rooms, gammafunk_ghost_grave, uniq_blork_the_orc
D:7:      kennysheep_windowed_halls, layout_rooms, serial_bayou,
          serial_bayou_pond_b, serial_bayou_crossing, serial_bayou_lagoon_b,
          serial_bayou_pond_d
D:8:      layout_cave_pools, hangedman_abyss_or_decor_stagger
D:9:      layout_loops_ring, minmay_librarian, uniq_erica
D:10:     layout_roguey, lair_entry_dummy, erik_orc_4
D:11:     layout_irregular_city, gauntlet_entry_generic, uniq_psyche
Temple:   nicolae_temple_bog_church
Gauntlet: gammafunk_gauntlet_mixed_choke_point
          [minmay_gauntlet_arena_77_p_blocks, minmay_gauntlet_arena_77_box,
          minmay_gauntlet_arena_77_braids, gammafunk_gauntlet_arena_split_x,
          minmay_gauntlet_arena_77_tiled_triplets,
          minmay_gauntlet_arena_77_double_cross, minmay_gauntlet_arena_77_fan,
          gauntlet_exit_watery]

Skill      XL: |  1  2  3  4  5  6  7  8  9 10 11 |
---------------+----------------------------------+-----
Fighting       | 1 2 3 4 5 6 7 8 |  8.4
Short Blades   | 2 3 |  3.0
Dodging        | 3 4 5 6 7 |  7.4
Stealth        | 5 6 7 8 10 | 10.9
Hexes          | 5 6 |  6.0
Ice Magic      | 1 2 3 |  3.0
Spellcasting   | 3 4 5 6 |  6.1
Invocations    | 1 3 4 6 7 |  7.4
Armour         | 2 3 |  3.0
Conjurations   | 1 2 3 |  3.0

Action                     |  1- 3 |  4- 6 |  7- 9 | 10-12 || total
---------------------------+-------+-------+-------+-------++-------
  Melee: Dagger            |   109 |    99 |   307 |   280 ||   795
         Bite              |     7 |     9 |    28 |    43 ||    87
         Punch             |     1 |     1 |     8 |       ||    10
   Cast: Ensorcelled Hiber |    12 |    19 |    85 |    79 ||   195
         Confusing Touch   |       |     1 |    13 |    17 ||    31
         Tukima's Dance    |       |       |     4 |     9 ||    13
         Dazzling Flash    |       |       |       |     9 ||     9
Ability: Exsanguinate      |       |     1 |       |       ||     1
  Evoke: Wand              |       |       |     5 |     1 ||     6
    Use: Scroll            |       |     2 |     5 |    10 ||    17
         Potion            |       |     1 |       |     4 ||     5
   Stab: Sleeping          |    17 |    20 |    77 |    56 ||   170
         Distracted        |       |     1 |       |     1 ||     2
         Confused          |       |     2 |     7 |    11 ||    20
         Invisible         |       |       |       |    11 ||    11
 Armour: Robe              |    20 |    21 |    23 |       ||    64
         Leather armour    |       |       |    23 |    34 ||    57
  Dodge: Dodged            |    82 |    65 |   428 |   396 ||   971
